 Dungeon Crawl Stone Soup version 0.29-a0-393-g47a863cc1b (webtiles) character file.

Game seed: 16570903553503509987

6926 HendSelp the Grappler (level 10, -1/80 HPs)
             Began as a Grey Draconian Transmuter on May 9, 2022.
             Was an Elder of Jiyva.
             Slain by a troll (shapeshifter) (10 damage)
             ... on level 9 of the Dungeon.
             The game lasted 00:13:48 (8502 turns).

HendSelp the Grappler (Grey Draconian Transmuter)   Turns: 8502, Time: 00:13:48

Health: -1/80      AC: 15    Str: 15      XL:     10   Next: 80%
Magic:  25/25      EV: 12    Int: 15 (16) God:    Jiyva [****..]
Gold:   508        SH:  0    Dex: 10 (11) Spells: 15/21 levels left

rFire   . . .      SeeInvis .     - Unarmed
rCold   . . .      Faith    .   (no shield)
rNeg    . . .      Spirit   .   (body armour unavailable)
rPois   .          Reflect  .   (helmet restricted)
rElec   .          Harm     .   (no cloak)
rCorr   +          Rampage  .   (no gloves)
Will    .....                   h - +2 pair of boots
Stlth   +.........              i - amulet of regeneration
HPRegen 2.31/turn               (no ring)
MPRegen 0.59/turn               (no ring)

@: wereblooded
A: AC +12, amphibious, unfitting armour, cold-blooded, deterioration 1, high MP
3, jelly absorbing missiles
a: Renounce Religion, Oozemancy, Slimify


You were on level 9 of the Dungeon.
You worshipped Jiyva.
Jiyva was greatly pleased with you.
You visited 2 branches of the dungeon, and saw 10 of its levels.
You also visited: Ossuary.

You collected 508 gold pieces.

Inventory:

Missiles
 b - a throwing net
Armour
 h - a +2 pair of boots (worn)
Jewellery
 i - an amulet of regeneration (around neck)
Wands
 k - a wand of flame (7)
 m - a wand of iceblast (6)
Scrolls
 c - 2 scrolls of immolation
 d - 6 scrolls of fog
 o - 2 scrolls of identify
Potions
 a - 8 potions of lignification
 e - 3 potions of mutation
 f - 2 potions of attraction
 g - 2 potions of curing
 j - a potion of magic
 l - 2 potions of brilliance
 n - a potion of flight
 p - a potion of haste
 q - a potion of might
 t - 2 potions of berserk rage


   Skills:
 + Level 4.7 Fighting
 - Level 1.7 Dodging
 + Level 12.1 Unarmed Combat
 + Level 6.1 Spellcasting
 * Level 9.1 Transmutations


You had 15 spell levels left.
You knew the following spells:

 Your Spells              Type           Power      Damage    Failure   Level
a - Beastly Appendage     Tmut           64%        N/A       1%          1
b - Wereblood             Tmut           32%        N/A       1%          2
c - Spider Form           Tmut/Pois      18%        N/A       7%          3

Your spell library contained the following spells:

 Spells                   Type           Power      Damage    Failure   Level
 Animate Skeleton         Necr           8%         N/A       14%         1
 Magic Dart               Conj           16%        1d3       14%         1
 Pain                     Necr           16%        1d4       14%         1
 Ice Form                 Ice/Tmut       18%        N/A       22%         4
 Frozen Ramparts          Ice            8%         1d2       41%         3
 Stone Arrow              Conj/Erth      8%         3d7       41%         3
 Vampiric Draining        Necr           4%         2d6       41%         3
 Summon Ice Beast         Ice/Summ       4%         N/A       82%         4
 Lehudib's Crystal Spear  Conj/Erth      2%         10d2      100%        8
 Animate Armour           Summ/Erth      Unusable   N/A       N/A         4

Dungeon Overview and Level Annotations

Branches:
Dungeon (9/15)             Temple (1/1) D:4         Ossuary (visited)
   Lair: D:8-11         Orc: D:9-12

Altars:
Ashenzari
Cheibriados
Elyvilon
Fedhas
Gozag
Kikubaaqudgha
Makhleb
Nemelex Xobeh
Okawaru
Ru
Sif Muna
Uskayaw
Vehumet
Wu Jian
Yredelemnul
The Shining One
Jiyva

Shops:
D:5 [


Innate Abilities, Weirdness & Mutations

Your dull iron-grey scales are very hard. (AC +12)
You are amphibious.
You cannot fit into any form of body armour.
You are cold-blooded and may be slowed by cold attacks.
Your body sometimes deteriorates upon taking damage.
You have a greatly increased reservoir of magic. (+30% MP)
You have a small jelly attached to you that may absorb projectiles.


Message History

The troll claws you but does no damage. The troll barely misses you.
Unknown command.
You punch the bullfrog!
You feel a bit better.
You kill the bullfrog!
The troll misses you. The troll barely misses you. The troll claws you!
* * * LOW HITPOINT WARNING * * *
Unknown command.
You punch the troll! You punch the troll.
The troll is moderately wounded.
You hit the troll.
The troll is moderately wounded.
The troll barely misses you. The troll claws you but does no damage.
The troll closely misses you.
You punch the troll!
The troll is heavily wounded.
The troll bites you.
* * * LOW HITPOINT WARNING * * *
The troll completely misses you. The troll claws you but does no damage.
You punch the troll!
You tail-slap the troll, but do no damage.
The troll is severely wounded.
The troll misses you. The troll claws you but does no damage.
The troll misses you.
You hit the troll but do no damage.
The troll is severely wounded.
The troll bites you but does no damage. The troll claws you!
* * * LOW HITPOINT WARNING * * *
The troll claws you but does no damage.
You hit the troll.
You tail-slap the troll, but do no damage.
The troll is almost dead.
You hit the troll.
The troll is almost dead.
You howl as the wereblood boils in your veins!
The troll bites you!
* * * LOW HITPOINT WARNING * * *
The troll claws you.
* * * LOW HITPOINT WARNING * * *
The troll claws you!
You die...

#..# ##.....#
#..###############...##
#................##.###
#......................
#......................
#................J.....
#................##.###
#....T..........##...##
#....<@........##.....#
#.##############J......
#.# #.J..... #.#
#.......
#.###############.....#
#...............##...##
#.####################
#.# #..#
#.################..#


You could see a troll shaped shifter.

Vanquished Creatures
  A two-headed ogre (D:8)
  Pikel (D:7)
  An ugly thing (D:6)
  Joseph (D:7)
  An unseen horror (D:6)
  A kobold demonologist (D:9)
  A komodo dragon (D:8)
  A hornet (D:9)
  Sigmund (D:3)
  A wraith (D:6)
  A vampire (D:9)
  A wyvern (D:9)
  A steam dragon (D:8)
  Eustachio (D:5)
  2 water moccasins
  An orc warrior (D:9)
  2 ice beasts
  A sky beast (D:7)
  3 black bears
  3 centaurs
  A lemure (D:7)
  A phantom (D:6)
  6 bullfrogs
  Blork the orc (D:4)
  3 kobold brigands
  2 necrophages
  A scorpion (D:4)
  4 water moccasin zombies (Ossuary)
  5 killer bees (D:8)
  6 howler monkeys
  4 orc priests
  3 gnoll shamans
  2 hounds
  6 iguanas
  5 orc wizards
  2 mummies (Ossuary)
  7 gnolls
  7 adders
  A white imp (D:5)
  6 adder zombies (Ossuary)
  A worm (D:3)
  4 dart slugs
  22 orcs
  4 endoplasms
  2 giant cockroaches
  2 gnoll zombies (Ossuary)
  8 goblins
  11 hobgoblins
  A quokka (D:2)
  5 ball pythons
  7 bats
  7 frilled lizards
  7 hobgoblin zombies (Ossuary)
  21 kobolds
  3 kobold zombies (Ossuary)
  3 orc zombies (Ossuary)
  4 rats
211 creatures vanquished.

Vanquished Creatures (others)
  4 centaurs
  2 phantoms (D:6)
  A necrophage (D:6)
  8 jellies
  A gnoll shaman (D:9)
  An iguana (D:6)
  5 orc wizards (D:9)
  An adder (D:6)
  10 plants (D:8)
33 creatures vanquished.

Grand Total: 244 creatures vanquished

Notes
Turn   | Place    | Note
-------+----------+-------------------------------------------
     0 | D:1      | HendSelp the Draconian Transmuter began the quest for the
                  | Orb.
     0 | D:1      | Reached XP level 1. HP: 16/16 MP: 3/3
   457 | D:1      | Reached XP level 2. HP: 22/23 MP: 3/5
   780 | D:1      | Learned a level 2 spell: Wereblood
  1532 | D:1      | Reached XP level 3. HP: 23/28 MP: 4/6
  1834 | D:2      | Found an iron altar of Okawaru.
  1993 | D:2      | Found a faded altar of an unknown god.
  2146 | D:2      | Reached skill level 4 in Unarmed Combat
  2345 | D:3      | Reached XP level 4. HP: 35/35 MP: 7/7
  2399 | D:3      | Found a sacrificial altar of Ru.
  2459 | D:3      | Noticed Sigmund
  2480 | D:3      | Killed Sigmund
  2481 | D:3      | Reached skill level 5 in Unarmed Combat
  2481 | D:3      | Reached XP level 5. HP: 35/40 MP: 6/9
  2481 | D:3      | Reached XP level 6. HP: 41/47 MP: 6/10
  2529 | D:3      | Found a white marble altar of Elyvilon.
  3191 | D:4      | Noticed Blork the orc
  3219 | D:4      | Killed Blork the orc
  3251 | D:4      | Learned a level 3 spell: Spider Form
  3463 | D:4      | Found a staircase to the Ecumenical Temple.
  3768 | D:4      | Found a snail-covered altar of Cheibriados.
  4262 | D:5      | Entered Level 5 of the Dungeon
  4318 | D:5      | Your scales start taking on a dull iron-grey colour.
  4318 | D:5      | Reached XP level 7. HP: 53/53 MP: 10/12
  4406 | D:5      | Found a sand-covered staircase.
  4438 | Ossuary  | Entered an ossuary
  4467 | Ossuary  | Reached skill level 6 in Unarmed Combat
  4489 | Ossuary  | Reached skill level 5 in Transmutations
  4807 | D:5      | Found Heatreb's Armour Emporium.
  4815 | D:5      | Reached XP level 8. HP: 56/61 MP: 11/14
  4836 | D:5      | Reached skill level 7 in Unarmed Combat
  4920 | D:5      | Noticed Eustachio
  5011 | D:5      | Killed Eustachio
  5409 | D:6      | Reached skill level 8 in Unarmed Combat
  5459 | Temple   | Entered the Ecumenical Temple
  5566 | Temple   | Became a worshipper of Jiyva Jiblarhu the Shapeless
  5759 | D:6      | Found an opulent altar of Gozag.
  5947 | D:6      | Found a burning altar of Makhleb.
  5947 | D:6      | Found a sparkling altar of Nemelex Xobeh.
  5951 | D:6      | Noticed a red ugly thing
  5962 | D:6      | Killed a red ugly thing
  5963 | D:6      | Reached skill level 9 in Unarmed Combat
  5963 | D:6      | Reached XP level 9. HP: 68/68 MP: 14/16
  6121 | D:6      | Killed an unseen horror
  6234 | D:6      | Reached * piety under Jiyva
  6234 | D:6      | Noticed a two-headed ogre
  6379 | D:7      | Reached skill level 5 in Spellcasting
  6540 | D:7      | Reached skill level 10 in Unarmed Combat
  6599 | D:7      | Noticed Pikel
  6608 | D:7      | Killed Pikel
  6658 | D:7      | Reached ** piety under Jiyva
  6772 | D:7      | Found an ornate altar of the Wu Jian Council.
  6772 | D:7      | Noticed Joseph
  6793 | D:7      | Killed Joseph
  6794 | D:7      | Reached XP level 10. HP: 27/78 MP: 18/18
  7059 | D:8      | Found a hide-covered altar of Uskayaw.
  7216 | D:8      | Reached skill level 11 in Unarmed Combat
  7374 | D:8      | Reached *** piety under Jiyva
  7375 | D:8      | Noticed a two-headed ogre
  7385 | D:8      | Killed a two-headed ogre
  7394 | D:8      | Noticed a boulder beetle
  7489 | D:9      | Gained mutation: You have a small jelly attached to you
                  | that may absorb projectiles. [Jiyva's grace]
  7489 | D:9      | Gained mutation: You have an increased reservoir of magic.
                  | (+10% MP) [Jiyva's grace]
  7489 | D:9      | Gained mutation: You have a considerably increased
                  | reservoir of magic. (+20% MP) [Jiyva's grace]
  7489 | D:9      | Gained mutation: You have a greatly increased reservoir of
                  | magic. (+30% MP) [Jiyva's grace]
  7666 | D:9      | Noticed a smoke demon
  7669 | D:9      | Noticed a sun demon
  7672 | D:9      | Gained mutation: Your body sometimes deteriorates upon
                  | taking damage. [a neqoxec]
  7676 | D:9      | HP: 4/80 [sun demon[a kobold demonologist] (16)]
  7874 | D:9      | Reached **** piety under Jiyva
  7884 | D:9      | Reached skill level 12 in Unarmed Combat
  8094 | D:9      | Found an ancient bone altar of Kikubaaqudgha.
  8094 | D:9      | Found a radiant altar of Vehumet.
  8111 | D:9      | Got Vehumet's Handbook of Arcane Weapons
  8121 | D:9      | Found a shimmering blue altar of Sif Muna.
  8269 | D:9      | Paralysed by a hornet for 1 turns
  8480 | D:8      | Noticed a two-headed ogre
  8502 | D:9      | Slain by a troll (shapeshifter)

Illustrated notes

Levels and vault maps discovered:
D:1:      dpeg_arrival_houses_and_road, layout_basic, roderic_lattice_a,
          minmay_cupped
D:2:      layout_rooms, ebering_ecumenical_altar_petrified, basic_altar
D:3:      layout_loops_ring, elyvilon_altar_4,
          nicolae_ru_great_annihilating_truth, minmay_misc_feat_square,
          uniq_sigmund
D:4:      layout_cave_pods, kennysheep_slug_shrine,
          minmay_temple_entry_poolview, uniq_blork_the_orc
D:5:      layout_loops_ring, nicolae_ossuary_entry_ruins, hangedman_glass_teeth,
          kennysheep_windowed_goal, uniq_eustachio
D:6:      layout_layer_cave, grunt_qazlal_clouds,
          mainiacjoe_overflow_small_starburst,
          chequers_temple_overflow_statue_of_worship,
          nicolae_gozag_cash_rules_everything_around_me,
          minmay_manual_monstrance
D:7:      layout_cave_pools, nicolae_wu_jian_wuxing_cycle,
          chequers_serial_rivers_small_a, chequers_jeans, uniq_joseph,
          uniq_pikel
D:8:      nzn_winding_woodlands_cross [nzn_winding_woodlands_5x15_twine,
          nzn_winding_woodlands_5x15_pool, nzn_winding_woodlands_5x15_cabin,
          nzn_winding_woodlands_5x15_jagged,
          nzn_winding_woodlands_15x15_thick_spiral], layout_layer_cave,
          mainiacjoe_overflow_tiny_flanked, david_lair_shrubbed
D:9:      kennysheep_six_static_rooms, layout_long_grid,
          palyth_temple_overflow_mages
Temple:   pf_slime_end_temple

Skill      XL: |  1  2  3  4  5  6  7  8  9 10 |
---------------+-------------------------------+-----
Unarmed Combat | 4 5 6 9 10 12 | 12.1
Transmutations | 3 4 5 6 8 9 |  9.1
Spellcasting   | 3 4 5 6 |  6.1
Fighting       | 2 4 |  4.7
Dodging        | |  1.7

Action                   |  1- 3 |  4- 6 |  7- 9 | 10-12 || total
-------------------------+-------+-------+-------+-------++-------
Melee: Unarmed           |   152 |   132 |   460 |   202 ||   946
       Headbutt          |     3 |       |       |       ||     3
       Kick              |    10 |       |       |     2 ||    12
       Tailslap          |    17 |    24 |    66 |    25 ||   132
       Punch             |     2 |     4 |    32 |    15 ||    53
 Cast: Beastly Appendage |    18 |       |       |     1 ||    19
       Wereblood         |     9 |    19 |    26 |    17 ||    71
       Spider Form       |       |     1 |       |       ||     1
Evoke: Wand              |       |       |       |     4 ||     4
  Use: Scroll            |     9 |     5 |     9 |     4 ||    27
       Potion            |       |       |     5 |       ||     5
 Stab: Invisible         |       |     1 |       |       ||     1
       Paralysed         |       |     1 |       |       ||     1
Armor: Skin              |    40 |    39 |   352 |   141 ||   572
Dodge: Dodged            |    95 |    77 |   352 |   190 ||   714

Table legend: (Time is in decaauts)
 A = Elapsed time spent in this place.
 B = Non-inter-level travel time spent in this place.
 C = Inter-level travel time spent in this place.
 D = Time resting spent in this place.
 E = Time spent auto-exploring this place.
 F = Levels seen in this place.
 G = Mean time per level.
                   A        B        C        D        E       F      G
               +--------+--------+--------+--------+--------+-----+--------+
         Total |   8403 |   8065 |    338 |    742 |   5382 |  11 |  763.9 |
       Dungeon |   8031 |   7718 |    313 |    723 |   5237 |   9 |  892.3 |
        Temple |    124 |    100 |     24 |      0 |     88 |   1 |  124.0 |
       Ossuary |    247 |    247 |      0 |     19 |     57 |   1 |  247.0 |
               +--------+--------+--------+--------+--------+-----+--------+

Top non-repeatable levels by time:
     D:1: 1696 daAuts
     D:3: 1141 daAuts
     D:9: 975 daAuts
     D:4: 946 daAuts
     D:5: 865 daAuts
     D:6: 691 daAuts
     D:7: 664 daAuts
     D:8: 541 daAuts
     D:2: 509 daAuts
 Ossuary: 247 daAuts
  Temple: 124 daAuts
